 Dungeon Crawl Stone Soup version 0.27.0-1-g7a089689b8 (webtiles) character file.

Game seed: 9239565568667002720

64 trckry the Grasshopper (level 4, -1/44 HPs)
             Began as an Ogre Warper on Aug 16, 2021.
             Was a Follower of Nemelex Xobeh.
             Slain by a hound (3 damage)
             ... on level 3 of the Dungeon.
             The game lasted 00:05:04 (2371 turns).

trckry the Grasshopper (Ogre Warper)                Turns: 2371, Time: 00:05:05

Health: -1/44      AC:  3    Str: 15    XL:     4   Next: 12%
Magic:  7/7        EV:  9    Int: 15    God:    Nemelex Xobeh [*.....]
Gold:   35         SH:  0    Dex:  8    Spells: 5/7 levels left

rFire    . . .     SeeInvis .   a - +0 mace
rCold    . . .     Faith    .   (no shield)
rNeg     . . .     Spirit   .   b - +0 robe
rPois    .         Reflect  .   (helmet restricted)
rElec    .         Harm     .   (no cloak)
rCorr    .         Rampage  .   (gloves unavailable)
Will     .....                  (boots unavailable)
Stlth    +.........             (no amulet)
HPRegen  0.14/turn              (no ring)
MPRegen  0.10/turn              (no ring)

@: no status effects
A: large, unfitting armour, tough skin 1
a: Renounce Religion, Draw Escape, Draw Destruction, Draw Summoning


You were on level 3 of the Dungeon.
You worshipped Nemelex Xobeh.
Nemelex Xobeh was aware of your devotion.
You visited 1 branch of the dungeon, and saw 3 of its levels.

You collected 35 gold pieces.

Inventory:

Hand Weapons
 a - a +0 mace (weapon)
Missiles
 d - 5 boomerangs of dispersal (quivered)
Armour
 b - a +0 robe (worn)
Scrolls
 c - a scroll of blinking
 g - a scroll of silence {unknown}
 h - a scroll of identify {unknown}
 i - a scroll of enchant weapon {unknown}
Potions
 e - a potion of flight {unknown}
 f - a potion of heal wounds {unknown}
 k - a potion of mutation {unknown}


   Skills:
 - Level 2.6 Fighting
 * Level 3.2 Maces & Flails
 - Level 1.0 Throwing
 - Level 2.1 Dodging
 - Level 2.4 Spellcasting
 + Level 3.2 Translocations
 + Level 1.0 Invocations


You had 5 spell levels left.
You knew the following spells:

 Your Spells              Type           Power      Damage    Failure   Level
a - Blink                 Tloc           N/A        N/A       9%          2

Your spell library contained the following spells:

 Spells                   Type           Power      Damage    Failure   Level
 Apportation              Tloc           22%        N/A       5%          1
 Gell's Gravitas          Tloc           5%         N/A       17%         3
 Lesser Beckoning         Tloc           5%         N/A       17%         3
 Teleport Other           Tloc           11%        N/A       17%         3
 Dazzling Flash           Conj/Hex       2%         N/A       54%         3
 Ozocubu's Armour         Ice            1%         N/A       54%         3
 Manifold Assault         Tloc           11%        N/A       83%         5
 Hailstorm                Conj/Ice       1%         3d3       91%         4
 Agony                    Necr           1%         N/A       99%         5
 Silence                  Hex/Air        0%         N/A       99%         5


Dungeon Overview and Level Annotations

Branches:
Dungeon (3/15)

Altars:
Nemelex Xobeh

Shops:
D:2 ?(*


Innate Abilities, Weirdness & Mutations

You are too large for most types of armour.
You have tough skin. (AC +1)


Message History

Your Invocations skill increases to level 1!
The orc priest hits you with a +0 club.
There is a stone staircase leading up here.
You take 2 damage, and have 37/44 hp.
Throw: dart (poison)
Press: ? - help, Q - select action, (/) - cycle Shift-Dir - straight line, f - orc priest
Aim: an orc priest, wielding a +0 club and wearing a +0 scale mail (58% to hit)
You throw a poisoned dart. The poisoned dart hits the orc priest.
The orc priest is poisoned.
The orc priest barely misses you.
You closely miss the orc priest.
The orc priest is lightly wounded.
The orc priest mumbles some strange prayers to Beogh against you.
Pain shoots through your body!
You take 8 damage, and have 30/44 hp.
You barely miss the orc priest.
The orc priest is moderately wounded.
The orc priest hits you with a +0 club.
The orc priest mumbles some strange prayers to Beogh against you.
Beogh smites you!
* * * LOW HITPOINT WARNING * * *
You take 17 damage, and have 13/44 hp.
MASSIVE DAMAGE!!
You completely miss the orc priest.
The orc priest is moderately wounded.
The orc priest barely misses you.
You hit the orc priest but do no damage.
The orc priest is moderately wounded.
The orc priest looks more healthy.
The orc priest mumbles some strange prayers to Beogh against you.
Beogh smites you!
* * * LOW HITPOINT WARNING * * *
You take 11 damage, and have 2/44 hp.
MASSIVE DAMAGE!!
Okay, then.
You draw a card...
You have drawn Degeneration.
The orc priest evaporates and reforms as a hound!
The hound twists and deforms.
The deck of cards glows slightly and disappears.
The hound bites you.
You die...
Your body glows slightly and disappears. .Zo oo

####.###
#(.....#
#.##.#.# #(# #.#
#)# ..
#######.##.#..#
#..(....@h....#
#.......##......
#.......# ##.##
#........
#........#
#........#
#..[.....#
######.... #.#.#


You could see a hound (misshapen).

Vanquished Creatures
  Jessica (D:2)
  3 orcs (D:3)
  3 endoplasms (D:1)
  A giant cockroach (D:1)
  2 goblins
  4 hobgoblins (D:2)
  3 jackals (D:2)
  2 kobolds
  4 ball pythons
  3 bats
  2 frilled lizards
  5 rats
33 creatures vanquished.

Notes
Turn   | Place    | Note
-------+----------+-------------------------------------------
     0 | D:1      | trckry the Ogre Warper began the quest for the Orb.
     0 | D:1      | Reached XP level 1. HP: 22/22 MP: 3/3
   565 | D:1      | Got the Almanac of the Unstable Frostbite
   649 | D:1      | Reached XP level 2. HP: 29/29 MP: 5/5
   666 | D:1      | Learned a level 2 spell: Blink
  1193 | D:2      | Found Corauk's Assorted Antiques.
  1685 | D:2      | Found Zeadududgh's Antique Weapon Shoppe.
  1695 | D:2      | Reached XP level 3. HP: 36/36 MP: 6/6
  1742 | D:2      | Found Xutatsio's Magic Scroll Emporium.
  1879 | D:2      | Found a faded altar of an unknown god.
  1904 | D:2      | Became a worshipper of Nemelex Xobeh the Trickster
  1904 | D:2      | Reached * piety under Nemelex Xobeh
  1956 | D:2      | Noticed Jessica
  1975 | D:2      | Killed Jessica
  2266 | D:2      | Received a gift from Nemelex Xobeh
  2281 | D:2      | Reached XP level 4. HP: 39/44 MP: 7/7
  2365 | D:3      | Reached skill level 1 in Invocations
  2370 | D:3      | HP: 2/44 [orc priest/divine providence (11)]
  2371 | D:3      | Slain by a hound

Illustrated notes

Levels and vault maps discovered:
D:1:      psy_arrival_basics, layout_loops_ring, minivault_23,
          minmay_misc_feat_tiny, hangedman_decor_riveting, minmay_pentomino_v4
D:2:      layout_loops_ring, shapermc_ecumenical_altar_ellora, serial_shops,
          shop, nicolae_diamond_shop, shop_fountains, minmay_crystal_water,
          uniq_jessica
D:3:      layout_loops_cross, mainiacjoe_overflow_24_doors

Skill      XL: |  1  2  3  4 |
---------------+-------------+-----
Maces & Flails | 2 3 |  3.2
Translocations | 3 |  3.2
Invocations    | 1 |  1.0
Fighting       | |  2.6
Throwing       | |  1.0
Dodging        | |  2.1
Spellcasting   | |  2.4

Action                   |  1- 3 |  4- 6 || total
-------------------------+-------+-------++-------
Melee: Mace              |    92 |    11 ||   103
Throw: Dart              |     1 |     7 ||     8
Invok: Draw Destruction  |       |     1 ||     1
Armor: Robe              |    32 |     2 ||    34
Dodge: Dodged            |    44 |     3 ||    47
